 Dungeon Crawl Stone Soup version 0.20-a0-1018-ge435b50 (webtiles) character file.

756 Multipenetrator the Slasher (level 7, -1/56 HPs)
             Began as a Barachi Fighter on Apr 17, 2017.
             Killed from afar by Ijyb (20 damage)
             ... with a wand of lightning (?/15)
             ... on level 5 of the Dungeon.
             The game lasted 00:17:04 (2778 turns).

Multipenetrator the Slasher (Barachi Fighter)       Turns: 2778, Time: 00:17:05

Health: -1/56      AC:  7    Str: 17    XL:     7   Next: 79%
Magic:  7/7        EV: 11    Int:  8    God:
Gold:   60         SH:  5    Dex: 14    Spells: 6/6 levels left

rFire    + . .     SeeInvis .   a - +0 long sword
rCold    x . .     Gourm    .   p - +0 buckler
rNeg     . . .     Faith    .   b - +0 scale mail
rPois    .         Spirit   .   (no helmet)
rElec    .         Reflect  .   (no cloak)
rCorr    .         Harm     .   (no gloves)
MR       .....                  (no boots)
Stlth    ..........             (no amulet)
Regen    0.2/turn               u - ring of fire
MPRegen  0.1/turn               (no ring)

@: can't hop, slow
A: +LOS, swims, slowness 1, strong legs 1
a: Hop


You were on level 5 of the Dungeon.
You were not hungry.

You visited 1 branch of the dungeon, and saw 5 of its levels.

You collected 60 gold pieces.

Inventory:

Hand Weapons
 a - a +0 long sword (weapon)
Armour
 b - a +0 scale mail (worn)
 c - a +0 shield
 j - a +0 plate armour
 p - a +0 buckler (worn)
 r - a +0 chain mail
Jewellery
 u - a ring of fire (left hand)
Scrolls
 g - a scroll of remove curse {unknown}
 h - 3 scrolls of immolation {unknown}
 i - a scroll of enchant armour {unknown}
 l - 2 scrolls of identify {unknown}
 m - 2 scrolls of teleportation {unknown}
 n - a scroll of random uselessness {unknown}
 t - a scroll of enchant weapon {unknown}
Potions
 d - 2 potions of might
 e - 2 potions of mutation {unknown}
 k - 3 potions of curing
 q - 2 potions of lignification {unknown}
 s - a potion of heal wounds {unknown}
Books
 v - a book of Minor Magic

   Spells                             Type                      Level
   a - Magic Dart                     Conjuration                  1
   b - Blink                          Translocation                2
   c - Call Imp                       Summoning                    2
   d - Slow                           Hexes                        2
   e - Conjure Flame                  Conjuration/Fire             3
   f - Mephitic Cloud                 Conjuration/Poison/Air       3
Comestibles
 f - 2 bread rations
 o - 7 chunks of flesh


   Skills:
 + Level 5.4 Fighting
 + Level 6.2 Long Blades
 + Level 5.8 Armour
 * Level 3.1 Dodging
 + Level 4.7 Shields


You had 6 spell levels left.
You didn't know any spells.

Dungeon Overview and Level Annotations

Branches:
Dungeon (5/15)
 Temple: D:4-7

Altars:
Fedhas
Trog
Yredelemnul

Annotations:
D:5 Ijyb


Innate Abilities, Weirdness & Mutations

Shadows flee at your approach. (+LOS)
You can swim through water.
You cover ground slowly.
You can hop short distances.


Message History

The howler monkey misses you.
You riposte.
You slash the howler monkey!
You kill the howler monkey!
Ijyb the Twisted Goblin comes into view.
Ijyb zaps a wand.
The bolt of lightning hits you!
It is a wand of lightning (?/15).
Hop to where?
Press: ? - help, Dir - move target cursor Boing!
You hit Ijyb but do no damage.
Ijyb zaps a wand.
The bolt of lightning misses you.
You closely miss Ijyb.
Ijyb zaps a wand.
The bolt of lightning hits you!
You barely miss Ijyb. Ijyb barely misses you.
You riposte.
You hit Ijyb but do no damage. You slash Ijyb!
Ijyb is moderately wounded.
Ijyb closely misses you.
You hit Ijyb.
Ijyb is heavily wounded.
Ijyb zaps a wand.
The bolt of lightning hits you!
You die...

+........#
######?...$...###
.g..............+ ..
#####.# # ....
#.....#####.#
....####.###.......#
#.....#.# #.......#
#.....#.###g......#
####.....#@#..รท......#
...........g.#.......#
.........#...#.......#
.............#.......#
.............#.....(.#
.........###.#.......#
.........# #..####.#.#
.........####.# .#.#
...........# ..# . .


You could see Ijyb.

Vanquished Creatures
  Grinder (D:3)
  An ogre (D:4)
  2 scorpions (D:5)
  The ghost of cirnu the Skirmisher, a weakling DsAK of Lugonu (D:3)
  A howler monkey (D:5)
  A jelly (D:5)
  2 hounds (D:5)
  An orc priest (D:5)
  An orc wizard (D:5)
  A worker ant (D:5)
  An iguana (D:5)
  3 adders
  An ooze (D:4)
  2 worms
  2 leopard geckos
  6 orcs
  6 giant cockroaches
  A goblin (D:1)
  3 hobgoblins
  11 jackals
  3 bats
  2 frilled lizards
  A jackal skeleton (D:5)
  2 kobolds (D:3)
  A rat (D:5)
57 creatures vanquished.

Notes
Turn   | Place    | Note
-------+----------+-------------------------------------------
     0 | D:1      | Multipenetrator the Barachi Fighter began the quest for the Orb.
     0 | D:1      | Reached XP level 1. HP: 18/18 MP: 1/1
   354 | D:2      | Reached XP level 2. HP: 25/25 MP: 2/2
   385 | D:2      | Found a bloodstained altar of Trog.
   823 | D:2      | Reached XP level 3. HP: 30/30 MP: 3/3
   891 | D:3      | Found a blossoming altar of Fedhas.
   892 | D:3      | Noticed cirnu's ghost (weakling DsAK)
   906 | D:3      | Killed cirnu's ghost
   906 | D:3      | Reached skill level 3 in Long Blades
   906 | D:3      | Reached skill level 1 in Dodging
   906 | D:3      | Reached XP level 4. HP: 8/37 MP: 4/4
  1201 | D:3      | Found a basalt altar of Yredelemnul.
  1302 | D:3      | Noticed Grinder
  1328 | D:3      | Killed Grinder
  1328 | D:3      | Reached skill level 4 in Long Blades
  1328 | D:3      | Reached XP level 5. HP: 12/43 MP: 5/5
  1328 | D:3      | Reached XP level 6. HP: 15/50 MP: 6/6
  1721 | D:4      | Reached skill level 5 in Fighting
  1721 | D:4      | Reached skill level 5 in Long Blades
  1721 | D:4      | Reached skill level 5 in Armour
  2061 | D:5      | Entered Level 5 of the Dungeon
  2101 | D:5      | Reached XP level 7. HP: 44/56 MP: 7/7
  2652 | D:5      | Reached skill level 6 in Long Blades
  2761 | D:5      | Noticed Ijyb
  2778 | D:5      | Killed from afar by Ijyb

Vault maps used:
D:1:      roderic_crop_circles_arrival_small
D:2:      trog_three_pillars_becter, uniq_robin
D:3:      lemuel_round_altar, lemuel_doored_altar, first_bread, okawaru_trees_1,
          uniq_grinder
D:4:      minmay_temple_entry_oklob, hex_intersection
D:5:      marbit_many_paths, uniq_blork_the_orc, uniq_iyjb

Skill      XL: |  1  2  3  4  5  6  7 |
---------------+----------------------+-----
Armour         | 4 5 |  5.8
Fighting       | 4 5 |  5.4
Long Blades    | 3 4 5 6 |  6.2
Dodging        | 1 2 3 |  3.1
Shields        | 4 |  4.7

Action                   |  1- 3 |  4- 6 |  7- 9 || total
-------------------------+-------+-------+-------++-------
Melee: Long sword        |    71 |   101 |    98 ||   270
 Abil: Hop               |     2 |       |     1 ||     3
  Use: Potion            |     1 |       |       ||     1
  Eat: Chunk             |       |     4 |     3 ||     7
Armor: Scale mail        |    48 |    34 |    28 ||   110
Dodge: Dodged            |    28 |    46 |    36 ||   110
Block: Shield            |    28 |     5 |       ||    33
       Buckler           |       |    21 |    19 ||    40
       Rpst.: Long sword |     9 |    17 |    12 ||    38
